 Dungeon Crawl Stone Soup version 0.24.0-41-g2ae2f7f1be (webtiles) character file.

Game seed: 4539559426209159612, levelgen mode: deterministic

12609 Goreval the Grappler (level 11, -3/111 HPs)
             Began as a Troll Monk on Dec 15, 2019.
             Was a High Priest of Wu Jian.
             Killed by divine providence
             ... invoked by a meliai
              (10 damage)
             ... on level 11 of the Dungeon.
             The game lasted 00:37:50 (11743 turns).

Goreval the Grappler (Troll Monk)                  Turns: 11743, Time: 00:37:51

Health: -3/111     AC:  8    Str: 26    XL:     11   Next: 64%
Magic:  10/10      EV: 14    Int:  6    God:    Wu Jian [*****.]
Gold:   698        SH:  0    Dex: 13    Spells: 7/10 levels left

rFire    + . .     SeeInvis .     - Unarmed
rCold    + . .     Gourm    +   (no shield)
rNeg     + . .     Faith    .   R - +0 troll leather armour
rPois    .         Spirit   .   (helmet restricted)
rElec    .         Reflect  .   v - scarf {rC+ rF+}
rCorr    .         Harm     .   (gloves unavailable)
MR       .....                  (boots unavailable)
Stlth    +.........             (no amulet)
HPRegen  1.08/turn              D - ring of positive energy
MPRegen  0.12/turn              x - +3 ring of strength

@: studying Bows
A: large, unfitting armour, claws 3, fast metabolism 3, gourmand, regeneration
1, shaggy fur 1, tough skin 3
a: Wall Jump, Serpent's Lash, Heavenly Storm, Renounce Religion


You were on level 11 of the Dungeon.
You worshipped Wu Jian.
Wu Jian was extremely pleased with you.
You were not hungry.

You visited 3 branches of the dungeon, and saw 13 of its levels.
You also visited: Sewer.

You collected 698 gold pieces.

Inventory:

Hand Weapons
 M - a cursed +4 dire flail
Missiles
 c - 297 stones (quivered)
 k - 39 poisoned darts
 J - 6 curare-tipped darts
 P - 5 silver boomerangs
 U - 4 javelins
Armour
 a - a +1 robe
 q - a scarf of cloud immunity
 v - a scarf of resistance (worn)
 R - a +0 troll leather armour (worn)
 S - a scarf of spirit shield
Jewellery
 d - an uncursed ring of protection from cold
 e - an uncursed ring of flight
 x - a +3 ring of strength (right claw)
 y - an uncursed ring of poison resistance
 D - a ring of positive energy (left claw)
 O - an uncursed amulet of regeneration {unknown}
 Q - an uncursed amulet of faith
Wands
 E - a wand of enslavement (8)
 F - a wand of polymorph (17)
 G - a wand of iceblast (3)
 L - a wand of flame (23)
Scrolls
 f - a scroll of magic mapping
 g - 3 scrolls of enchant weapon
 h - 8 scrolls of remove curse
 j - 2 scrolls of blinking {unknown}
 l - 3 scrolls of teleportation
 m - a scroll of fear {unknown}
 p - a scroll of enchant armour
 s - a scroll of acquirement {unknown}
 w - 2 scrolls of fog
 A - a scroll of immolation {unknown}
 C - a scroll of amnesia {unknown}
 K - a scroll of brand weapon {unknown}
 T - 2 scrolls of identify
Potions
 i - a potion of mutation {unknown}
 n - a potion of flight {unknown}
 o - 7 potions of curing
 r - 4 potions of might
 t - 4 potions of brilliance
 z - a potion of lignification {unknown}
 H - a potion of ambrosia {unknown}
 I - 2 potions of haste
 N - 3 potions of degeneration {unknown}
Books
 B - a manual of Bows
Comestibles
 b - 29 rations


   Skills:
 + Level 7.9 Fighting
 + Level 7.9 Dodging
 - Level 1.0 Stealth
 * Level 12.7 Unarmed Combat
 * Level 4.4 Transmutations


You had 7 spell levels left.
You knew the following spells:

 Your Spells              Type           Power        Failure   Level  Hunger
a - Spider Form           Tmut/Pois      #.........   56%         3    ####...

Your spell library contained the following spells:

 Spells                   Type           Power        Failure   Level  Hunger
 Beastly Appendage        Tmut           #.....       10%         1    ##.....
 Sticks to Snakes         Tmut           #.......     14%         2    ###....
 Passwall                 Tmut/Erth      #.......     34%         2    ###....
 Animate Skeleton         Necr           N/A          50%         1    ##.....
 Confusing Touch          Hex            #.....       50%         1    ##.....
 Infusion                 Chrm           #...         50%         1    ##.....
 Sandblast                Erth           #.....       50%         1    ##.....
 Shock                    Conj/Air       #...         50%         1    ##.....
 Poisonous Vapours        Pois/Air       #.....       65%         2    ###....
 Shroud of Golubria       Chrm/Tloc      #.....       65%         2    ###....
 Song of Slaying          Chrm           #.......     65%         2    ###....
 Confuse                  Hex            #.......     86%         3    ####...
 Gell's Gravitas          Tloc           #.........   86%         3    ####...
 Regeneration             Chrm/Necr      #.........   86%         3    ####...
 Spectral Weapon          Hex/Chrm       #.......     86%         3    ####...
 Stone Arrow              Conj/Erth      #.....       86%         3    ####...
 Ice Form                 Ice/Tmut       #.......     93%         4    #####..
 Petrify                  Tmut/Erth      #.......     93%         4    #####..
 Blade Hands              Tmut           #.........   95%         5    ######.
 Airstrike                Air            #.........   99%         4    #####..
 Bolt of Draining         Conj/Necr      #.........   100%        5    ######.
 Borgnjor's Vile Clutch   Necr/Erth      #.........   100%        5    ######.
 Lee's Rapid Deconstruct  Erth           #.........   100%        5    ######.
 Metabolic Englaciation   Hex/Ice        #.........   100%        5    ######.
 Yara's Violent Unravell  Hex/Tmut       #.........   100%        5    ######.
 Tornado                  Air            #.........   100%        9    #######


Dungeon Overview and Level Annotations

Branches:
Dungeon (11/15)            Temple (1/1) D:6            Lair (1/6) D:8
    Orc (0/2) D:9           Sewer (visited)

Altars:
Ashenzari
Elyvilon
Fedhas
Okawaru
Sif Muna
Trog
Vehumet
Wu Jian
Xom
Yredelemnul
Zin
Beogh

Shops:
D:4 %


Innate Abilities, Weirdness & Mutations

You are too large for most types of armour.
You have claws for hands.
Your metabolism is lightning-fast.
You like to eat raw meat.
Your natural rate of healing is unusually fast.
You are covered in fur. (AC +1)
You have extremely tough skin. (AC +3)


Message History

Unknown command.
The meliai hits you with a +0 hand axe.
* * * LOW HITPOINT WARNING * * *
The meliai stings you but does no damage.
The meliai hits you but does no damage.
The meliai stings you but does no damage.
There is a stone staircase leading up here.
You feel much better. The meliai hits you with a +0 hand axe!
* * * LOW HITPOINT WARNING * * *
The meliai stings you!
* * * LOW HITPOINT WARNING * * *
The meliai closely misses you. The meliai stings you.
* * * LOW HITPOINT WARNING * * *
The meliai hits you but does no damage. The meliai closely misses you.
The meliai hits you with a +0 hand axe!
* * * LOW HITPOINT WARNING * * *
The meliai stings you but does no damage.
The meliai calls down the wrath of its god upon you.
Something smites you!
You die...

###+#########
#...........#
#......(@...#
+......yyy..#
#...........#
#......h....#
######Y######
#...# ###y#
#h# [..


You could see a yak, 3 meliai and a howler monkey.

Vanquished Creatures
  A frost giant (D:9)
  A hydra (D:9)
  3 death yaks
  An ugly thing (D:8)
  3 orc sorcerers (D:9)
  2 trolls
  A polar bear (shapeshifter) (D:9)
  A hornet (D:8)
  5 yaks
  A steam dragon (D:10)
  A hungry ghost (D:10)
  An acid dragon (D:9)
  A water moccasin (D:10)
  A black bear (D:9)
  2 sky beasts
  An ice beast (D:9)
  2 orc warriors
  A phantom (D:10)
  4 centaurs
  A necrophage (D:7)
  3 ogres
  A crocodile (D:9)
  8 big kobolds
  5 bullfrogs
  5 scorpions
  12 killer bees
  16 wights
  5 howler monkeys
  4 crimson imps
  2 jellies
  4 orc priests
  2 bullfrog skeletons (D:6)
  7 hounds
  Jessica (D:2)
  5 orc wizards
  Terence (D:3)
  4 iguanas
  10 worker ants
  3 hound skeletons
  A howler monkey zombie (D:7)
  2 river rats (D:3)
  14 adders
  A shadow imp (D:4)
  An ooze (Sewer)
  2 adder zombies
  4 adder skeletons
  3 worms
  3 dart slugs
  4 leopard geckos
  31 orcs
  9 giant cockroaches
  10 goblins
  8 hobgoblins
  18 jackals
  24 kobolds
  5 quokkas
  3 ball pythons
  8 bats
  7 frilled lizards
  A jackal zombie (D:6)
  A quokka skeleton (D:4)
  A quokka zombie (D:8)
  11 rats
304 creatures vanquished.

Vanquished Creatures (others)
  An orc (D:9)
1 creature vanquished.

Grand Total: 305 creatures vanquished

Notes
Turn   | Place    | Note
-------+----------+-------------------------------------------
     0 | D:1      | Goreval the Troll Monk began the quest for the Orb.
     0 | D:1      | Reached XP level 1. HP: 22/22 MP: 0/0
   165 | D:1      | Reached XP level 2. HP: 29/29 MP: 1/1
   742 | D:2      | Reached XP level 3. HP: 32/36 MP: 2/2
   996 | D:2      | Reached skill level 4 in Unarmed Combat
  1105 | D:2      | Noticed Jessica
  1159 | D:2      | Killed Jessica
  1159 | D:2      | Reached XP level 4. HP: 32/45 MP: 3/3
  1543 | D:3      | Found a basalt altar of Yredelemnul.
  1543 | D:3      | Found a bloodstained altar of Trog.
  1543 | D:3      | Found an ornate altar of the Wu Jian Council.
  1550 | D:3      | Became a worshipper of the Wu Jian Council
  1550 | D:3      | Reached * piety under Wu Jian
  1550 | D:3      | Reached ** piety under Wu Jian
  1561 | D:3      | Noticed Terence
  1576 | D:3      | Killed Terence
  1674 | D:3      | Reached XP level 5. HP: 53/53 MP: 4/4
  1697 | D:3      | Found a glowing drain.
  1708 | Sewer    | Entered a sewer
  1736 | Sewer    | Reached skill level 5 in Unarmed Combat
  1738 | Sewer    | Reached XP level 6. HP: 57/61 MP: 5/5
  1859 | Sewer    | Reached skill level 6 in Unarmed Combat
  1859 | Sewer    | Reached XP level 7. HP: 53/68 MP: 6/6
  2219 | D:3      | Reached *** piety under Wu Jian
  2898 | D:4      | Found Igadow's Food Boutique.
  3341 | D:5      | Entered Level 5 of the Dungeon
  3416 | D:5      | Reached skill level 7 in Unarmed Combat
  3686 | D:5      | Reached XP level 8. HP: 79/79 MP: 7/7
  4621 | D:6      | Found a glowing silver altar of Zin.
  4621 | D:6      | Found a shimmering altar of Xom.
  4621 | D:6      | Noticed an angel
  4694 | D:6      | Found a staircase to the Ecumenical Temple.
  4815 | Temple   | Entered the Ecumenical Temple
  4921 | D:6      | Reached **** piety under Wu Jian
  5118 | D:6      | Reached skill level 5 in Fighting
  5118 | D:6      | Reached skill level 5 in Dodging
  5118 | D:6      | Reached skill level 8 in Unarmed Combat
  5901 | D:7      | Reached XP level 9. HP: 33/88 MP: 8/8
  6036 | D:7      | Reached skill level 9 in Unarmed Combat
  6808 | D:8      | Noticed a death yak
  6812 | D:8      | Noticed a death yak
  6813 | D:8      | Found a staircase to the Lair.
  6814 | D:8      | Noticed a death yak
  7010 | D:7      | Killed a death yak
  7153 | D:8      | Reached skill level 10 in Unarmed Combat
  7278 | D:8      | Got an iridescent quarterstaff
  7280 | D:8      | Identified the cursed +0 quarterstaff of the Two Names
                  | {antimagic, rC- Int+5} (You found it on level 8 of the
                  | Dungeon)
  7386 | D:7      | Killed a death yak
  7518 | D:8      | Reached XP level 10. HP: 100/100 MP: 9/9
  7632 | D:8      | Found a shattered altar of Ashenzari.
  7833 | D:8      | Paralysed by a hornet for 2 turns
  7844 | D:8      | Reached skill level 11 in Unarmed Combat
  8280 | D:8      | Killed a death yak
  8337 | D:8      | Learned a level 3 spell: Spider Form
  8397 | D:9      | Found a roughly hewn altar of Beogh.
  8398 | D:9      | Found a staircase to the Orcish Mines.
  8626 | D:9      | Reached skill level 1 in Transmutations
  8697 | D:9      | Reached ***** piety under Wu Jian
  8839 | D:9      | Noticed an orc sorcerer
  8841 | D:9      | Noticed a soul eater
  8853 | D:9      | Killed an orc sorcerer
  8893 | D:9      | Noticed a six-headed hydra
  8896 | D:9      | Noticed an orc sorcerer
  8904 | D:9      | Killed a ten-headed hydra
  8904 | D:9      | Reached XP level 11. HP: 43/109 MP: 10/10
  8908 | D:9      | Killed an orc sorcerer
  8908 | D:9      | Reached skill level 12 in Unarmed Combat
  8908 | D:9      | Noticed an orc sorcerer
  8929 | D:9      | Paralysed by an orc sorcerer for 4 turns
  9052 | D:9      | Paralysed by an orc sorcerer for 6 turns
  9060 | D:9      | Killed an orc sorcerer
  9179 | D:9      | Noticed a frost giant
  9235 | Lair:1   | Entered Level 1 of the Lair of Beasts
  9276 | D:9      | Noticed a red ugly thing
  9316 | D:8      | Killed a red ugly thing
  9811 | D:9      | Identified the Guide on Floating Clay
  9815 | D:9      | Identified Maskuczoru's Handbook of Darkness and
                  | Transmutation
 10206 | D:9      | Killed a frost giant
 10677 | D:10     | Entered Level 10 of the Dungeon
 11743 | D:11     | Killed from afar by a meliai

Levels and vault maps discovered:
D:1:      lightli_arrival_maybe_door_vault, layout_loops_ring
D:2:      layout_rooms, first_ration, st_stairs_13, uniq_jessica
D:3:      layout_basic, gammafunk_temple_overflow_claw, portal_sewer_entry_e,
          uniq_terence
D:4:      layout_rooms, serial_shops, shop, item_on_display_a
D:5:      layout_layer_cave, minivault_25
D:6:      layout_cave_pods, grunt_temple_overflow_order_and_chaos_1,
          minmay_temple_entry_arrows
D:7:      layout_gridville
D:8:      layout_gridville, lemuel_round_altar, dpeg_lair_monsters
D:9:      layout_long_grid, david_orc_5, blue_anna_alchemist
          [blue_anna_fruit_fields, blue_anna_fruit_fields], minmay_the_grid_2x2
          [minmay_the_grid_tri_star, minmay_the_grid_dragon_a,
          minmay_the_grid_eight, minmay_the_grid_prize_diamond_cup]
D:10:     layout_cave_pods
D:11:     layout_roguey, serial_shops, nicolae_shop_crystal,
          gammafunk_ghost_smash
Temple:   regret_index_temple_sphere_string
Lair:1:   layout_cave_pods, st_stairs_4, beast_lair_carwin_3

Skill      XL: |  1  2  3  4  5  6  7  8  9 10 11 |
---------------+----------------------------------+-----
Unarmed Combat | 4 5 6 7 8 10 11 12 | 12.7
Fighting       | 3 4 5 6 7 |  7.9
Dodging        | 3 4 5 6 7 |  7.9
Transmutations | 2 4 |  4.4
Stealth        | |  1.0

Action                   |  1- 3 |  4- 6 |  7- 9 | 10-12 || total
-------------------------+-------+-------+-------+-------++-------
Melee: Unarmed           |   107 |   102 |   377 |   399 ||   985
       Punch             |       |     2 |    20 |    23 ||    45
Throw: Stone             |   110 |    19 |   252 |   144 ||   525
Invok: Whirlwind         |       |    19 |    14 |    33 ||    66
       Wall Jump         |       |     9 |    14 |    19 ||    42
       Lunge             |       |    11 |    24 |    17 ||    52
       Serpent's Lash    |       |       |     1 |     1 ||     2
       Heavenly Storm    |       |       |       |     1 ||     1
Evoke: Wand              |       |       |       |     4 ||     4
  Use: Scroll            |       |       |     4 |     9 ||    13
       Potion            |       |       |       |     1 ||     1
 Stab: Sleeping          |       |     2 |     3 |     1 ||     6
       Distracted        |       |       |     1 |       ||     1
  Eat: Chunk             |    16 |     7 |    44 |    39 ||   106
       Ration            |       |       |     1 |     1 ||     2
Armor: Robe              |    32 |    27 |    81 |    46 ||   186
       Troll leather arm |       |       |       |    19 ||    19
Dodge: Dodged            |    48 |    45 |   161 |   183 ||   437
